 Dungeon Sprint DCSS version 0.27-a0-1051-g288ea87c7c (webtiles) character file.

Game seed: 1491770841813807202

9741 mhtbhm the Eclecticist (level 11, -4/54 HPs)
             Began as a Deep Elf Fire Elementalist on Apr 20, 2021.
             Was the Champion of Vehumet.
             Killed from afar by a fire giant (28 damage)
             ... with a bolt of fire
             ... in the Dungeon (Sprint V: "Ziggurat Sprint").
             The game lasted 00:04:32 (787 turns).

mhtbhm the Eclecticist (Deep Elf Fire Elementalist)  Turns: 787, Time: 00:04:32

Health: -4/54      AC:  5    Str:  5    XL:     11   Next: 27%
Magic:  35/35      EV: 17    Int: 36    God:    Vehumet [******]
Gold:   0          SH:  0    Dex: 15    Spells: 20/47 levels left

rFire    + . .     SeeInvis .   C - +8 lance "Wyrmbane" {slay drac, rPois rF+ rC+ AC+3}
rCold    + . .     Faith    .   (no shield)
rNeg     . . .     Spirit   .   a - +0 robe
rPois    +         Reflect  .   (no helmet)
rElec    .         Harm     .   (no cloak)
rCorr    .         Rampage  .   (no gloves)
Will     +....     NoTele   +   (no boots)
Stlth    ++++......             (no amulet)
HPRegen  0.18/turn              x - +6 ring of intelligence
MPRegen  0.24/turn              y - +6 ring of intelligence

@: studying Slings
A: no striking features
a: Renounce Religion


You were in the Dungeon.
You worshipped Vehumet.
Vehumet was exalted by your worship.
You visited 1 branch

Inventory:

Hand Weapons
 C - the +8 lance "Wyrmbane" (weapon) {slay drac, rPois rF+ rC+ AC+3}
   (You found it in the Dungeon)

   It affects your AC (+3).
   It protects you from fire.
   It protects you from cold.
   It protects you from poison.
Armour
 a - a +0 robe (worn)
Jewellery
 u - the ring "Qacyhug" {rN++ rCorr Stlth-}
   (You found it in the Dungeon)

   [ring of resist corrosion]

   It greatly protects you from negative energy.
   It protects you from acid and corrosion.
   It makes you less stealthy.
 x - a +6 ring of intelligence (left hand)
 y - a +6 ring of intelligence (right hand)
Wands
 r - a wand of mindburst (7)
 s - a wand of iceblast (4)
Scrolls
 h - 4 scrolls of blinking
 m - 4 scrolls of amnesia
 n - 7 scrolls of fog
 o - a scroll of holy word
 p - 5 scrolls of identify
 q - 2 scrolls of fear
 z - 2 scrolls of brand weapon
Potions
 b - 2 potions of brilliance
 c - 10 potions of curing
 d - 10 potions of heal wounds
 e - 6 potions of haste
 f - 7 potions of magic
 g - 3 potions of berserk rage
 i - 2 potions of invisibility
 j - 4 potions of resistance
 k - a potion of experience
 l - 5 potions of might
Miscellaneous
 v - a phantom mirror
 w - a tin of tremorstones (inert)
 B - a lightning rod (4/4)


   Skills:
 + Level 10.3 Dodging
 - Level 8.7 Stealth
 + Level 18.7 Spellcasting
 + Level 10.2 Conjurations
 + Level 18.6 Fire Magic
 + Level 6.3 Evocations


You had 20 spell levels left.
You knew the following spells:

 Your Spells              Type           Power      Damage    Failure   Level
a - Foxfire               Conj/Fire      100%       2x1d9     0%          1
b - Conjure Flame         Conj/Fire      95%        6-21      0%          3
c - Inner Flame           Hex/Fire       79%        N/A       1%          3
d - Sticky Flame          Conj/Fire      95%        2d10      1%          4
e - Fireball              Conj/Fire      47%        3d19      1%          5
f - Ignition              Fire           53%        3d15      1%          8
g - Stone Arrow           Conj/Erth      100%       3d13      1%          3

Your spell library contained the following spells:

 Spells                   Type           Power      Damage    Failure   Level
 Iskenderun's Battlesphe  Conj           82%        2d13      1%          5
 Magic Dart               Conj           100%       1d8       0%          1
 Animate Skeleton         Necr           66%        N/A       1%          1
 Apportation              Tloc           66%        N/A       1%          1
 Corona                   Hex            36%        N/A       1%          1
 Summon Small Mammal      Summ           100%       N/A       1%          1
 Ensorcelled Hibernation  Hex/Ice        66%        N/A       1%          2
 Slow                     Hex            33%        N/A       1%          2
 Ignite Poison            Fire/Tmut/Pois 68%        N/A       1%          3
 Mephitic Cloud           Conj/Pois/Air  55%        N/A       1%          3
 Iskenderun's Mystic Bla  Conj/Tloc      63%        2d13      1%          4
 Starburst                Conj/Fire      47%        8x6d13    1%          6
 Confusing Touch          Hex            33%        N/A       2%          3
 Gell's Gravitas          Tloc           16%        N/A       2%          3
 Portal Projectile        Hex/Tloc       66%        N/A       2%          3
 Yara's Violent Unravell  Hex/Tmut       16%        3d8       7%          5
 Animate Armour           Summ/Erth      66%        N/A       10%         4
 Cause Fear               Hex            16%        N/A       10%         4
 Leda's Liquefaction      Hex/Erth       16%        N/A       10%         4
 Petrify                  Tmut/Erth      33%        N/A       10%         4
 Borgnjor's Vile Clutch   Necr/Erth      16%        N/A       26%         5
 Metabolic Englaciation   Hex/Ice        16%        N/A       26%         5
 Silence                  Hex/Air        16%        N/A       26%         5
 Shadow Creatures         Summ           N/A        N/A       82%         6
 Dragon Form              Tmut           16%        N/A       100%        7
 Dragon's Call            Summ           16%        N/A       100%        9


Dungeon Overview and Level Annotations

Branches:
Dungeon (1/1)

Altars:
Ashenzari
Cheibriados
Dithmenos
Elyvilon
Fedhas
Gozag
Hepliaklqana
Kikubaaqudgha
Makhleb
Nemelex Xobeh
Okawaru
Qazlal
Ru
Sif Muna
Trog
Uskayaw
Vehumet
Wu Jian
Xom
Yredelemnul
Zin
The Shining One
Beogh
Jiyva
Lugonu


Message History

The hell hound is almost dead.
The iceblast engulfs the fire giant!
The fire giant is severely wounded.
The iceblast engulfs the fire giant.
The fire giant is moderately wounded.
The iceblast engulfs the hell hog!!
The hell hog is heavily wounded.
Unknown command.
Unknown command.
The tremorstone explodes into fragments!
The burst of rock shards engulfs the fire giant!!
The burst of rock shards engulfs the hell hound!
The burst of rock shards engulfs the hell hog!
The burst of rock shards engulfs the efreet.
The burst of rock shards engulfs the hell hound!
You kill the hell hound!
Vehumet accepts your kill.
The burst of rock shards engulfs the fire giant!
The burst of rock shards engulfs the efreet.
The burst of rock shards engulfs you!
The burst of rock shards engulfs the fire elemental!
The burst of rock shards engulfs the fire giant!
The burst of rock shards engulfs the hell hound.
The burst of rock shards engulfs the fire giant!
The burst of rock shards engulfs the efreet!
The burst of rock shards engulfs you!
The burst of rock shards engulfs the fire elemental!!
You destroy the fire elemental!
Vehumet accepts your kill.
The burst of rock shards engulfs the fire giant!!
You kill the fire giant!
Vehumet accepts your kill.
The burst of rock shards engulfs the hell hound!
You kill the hell hound!
Vehumet accepts your kill.
The tin is emptied!
The fire giant gestures at you while chanting.
The bolt of fire hits you!! You resist.
Ouch! That really hurt!
You die...

▓...)))=..▓
▓..|):))..▓...))()..▓
▓..○○.....▓.........▓
▓v..○Rh...▓.........▓
▓..○Ch)...▓.........▓
▓..☼.†....▓.........▓
▓.........▓.▓.....▓.▓
▓.▓.....▓.▓....©....▓
▓....@....▓▓▓▓▓▓▓▓▓▓▓
▓▓▓▓▓▓▓▓▓▓▓


You could see a fire giant, a hell hog, an efreet, a fire vortex and a hell
hound.

Vanquished Creatures
  A fire giant (D)
  7 two-headed ogres (D)
  A shining eye (D)
  A cyclops (D)
  5 toenail golems (D)
  A cane toad (D)
  2 trolls (D)
  A slime creature (D)
  2 tarantellas (D)
  2 fire elementals (D)
  A basilisk (D)
  3 yaks (D)
  2 hell hounds (D)
  3 ogres (D)
  A necrophage (D)
  3 wolves (D)
  3 earth elementals (D)
  A bullfrog (D)
  A scorpion (D)
  3 jellies (D)
  2 iguanas (D)
  7 river rats (D)
  An adder zombie (D)
  2 bat zombies (D)
  An endoplasm (D)
  A ball python skeleton (D)
  A jackal skeleton (D)
59 creatures vanquished.

Notes
Turn   | Place    | Note
-------+----------+-------------------------------------------
     0 | D        | mhtbhm the Deep Elf Fire Elementalist began the quest for
                  | the Orb.
     0 | D        | Reached XP level 1. HP: 10/10 MP: 6/6
     0 | D        | Found a shimmering blue altar of Sif Muna.
     0 | D        | Found a bloodstained altar of Trog.
     0 | D        | Found a sacrificial altar of Ru.
     0 | D        | Found a stormy altar of Qazlal.
     0 | D        | Found an iron altar of Okawaru.
     1 | D        | Found a sparkling altar of Nemelex Xobeh.
     1 | D        | Found a blossoming altar of Fedhas.
     2 | D        | Found the +6 Majin-Bo {vamp, MP+6 Int+6}
     2 | D        | Found the +9 heavy crossbow "Sniper" {vorpal, Acc+∞ SInv}
     2 | D        | Found the +10 dark maul {vorpal}
     2 | D        | Found the +15 Maxwell's patent armour {-Cast -Tele rElec
                  | Will+ rCorr}
     2 | D        | Found the +18 shield of the Gong {rElec rN+ Will+ EV-5}
     2 | D        | Found the +14 obsidian axe {vorpal, Drain Fly SInv}
     2 | D        | Found the +7 great mace "Firestarter" {inner flame, rF++}
     2 | D        | Found the +6 shillelagh "Devastator" {shatter}
     2 | D        | Found the +11 plutonium sword {Contam Stlth-}
     2 | D        | Found the +8 lance "Wyrmbane" {slay drac, rPois rF+ rC+
                  | AC+3}
     2 | D        | Found the +9 sword of Zonguldrok {reap}
     2 | D        | Found the +13 scythe of Curses {drain, Drain}
     2 | D        | Found the +5 sword of Power {vorpal}
     2 | D        | Found the +7 mace of Variability {chain chaos}
     2 | D        | Found the +7 Singing Sword {vorpal, sonic wave}
     2 | D        | Found the +8 storm bow {elec, penet}
     3 | D        | Found a transporter.
     3 | D        | Found an ancient bone altar of Kikubaaqudgha.
     3 | D        | Found a viscous altar of Jiyva.
     3 | D        | Found a corrupted altar of Lugonu.
     3 | D        | Found a hazy altar of Hepliaklqana.
     3 | D        | Found a burning altar of Makhleb.
     3 | D        | Found an opulent altar of Gozag.
    33 | D        | Became a worshipper of Vehumet
    53 | D        | Entered arena 2.
    53 | D        | Noticed a yak
    53 | D        | Found a transporter.
    55 | D        | Killed a yak
    56 | D        | Reached skill level 1 in Evocations
    56 | D        | Reached XP level 2. HP: 15/15 MP: 6/11
    56 | D        | Reached XP level 3. HP: 19/19 MP: 7/13
    56 | D        | Reached XP level 4. HP: 24/24 MP: 7/14
    56 | D        | Reached XP level 5. HP: 28/28 MP: 8/16
    60 | D        | Learned a level 3 spell: Conjure Flame
    64 | D        | Learned a level 3 spell: Inner Flame
    69 | D        | Learned a level 4 spell: Sticky Flame
    75 | D        | Learned a level 5 spell: Fireball
   110 | D        | Entered arena 3.
   110 | D        | Noticed a tarantella
   110 | D        | Noticed a tarantella
   110 | D        | Found a transporter.
   112 | D        | Killed a tarantella
   112 | D        | Reached * piety under Vehumet
   112 | D        | Offered knowledge of Freeze by Vehumet.
   112 | D        | Killed a tarantella
   113 | D        | Reached XP level 6. HP: 32/32 MP: 7/20
   192 | D        | Entered arena 4.
   192 | D        | Found a transporter.
   194 | D        | Reached ** piety under Vehumet
   195 | D        | Reached skill level 10 in Spellcasting
   195 | D        | Reached XP level 7. HP: 36/36 MP: 17/22
   200 | D        | Got the ring "Qacyhug" {rN++ rCorr Stlth-}
   244 | D        | Entered arena 5.
   244 | D        | Noticed a two-headed ogre
   244 | D        | Noticed a two-headed ogre
   244 | D        | Noticed a troll
   244 | D        | Found a transporter.
   246 | D        | Offered knowledge of Poisonous Vapours by Vehumet.
   246 | D        | Reached *** piety under Vehumet
   247 | D        | Killed a troll
   247 | D        | Killed a two-headed ogre
   248 | D        | Reached XP level 8. HP: 41/41 MP: 8/26
   249 | D        | Killed a two-headed ogre
   250 | D        | Reached skill level 5 in Conjurations
   250 | D        | Reached skill level 15 in Fire Magic
   250 | D        | Reached XP level 9. HP: 45/45 MP: 7/27
   353 | D        | Entered arena 6.
   353 | D        | Found a transporter.
   354 | D        | Reached **** piety under Vehumet
   487 | D        | Entered arena 7.
   487 | D        | Noticed a shining eye
   488 | D        | Offered knowledge of Stone Arrow by Vehumet.
   488 | D        | Reached ***** piety under Vehumet
   490 | D        | Killed a shining eye
   491 | D        | Found a transporter.
   513 | D        | Entered arena 8.
   514 | D        | Reached ****** piety under Vehumet
   515 | D        | Found a transporter.
   523 | D        | Got Sif Muna's Incunabulum of the Mountains and the Blaze
   537 | D        | Learned a level 8 spell: Ignition
   541 | D        | Learned a level 3 spell: Stone Arrow
   542 | D        | Entered arena 9.
   542 | D        | Noticed a cane toad
   543 | D        | Offered knowledge of Ignite Poison by Vehumet.
   543 | D        | Killed a cane toad
   544 | D        | Reached skill level 10 in Dodging
   544 | D        | Reached XP level 10. HP: 50/50 MP: 30/30
   544 | D        | Found a transporter.
   566 | D        | Entered arena 10.
   566 | D        | Noticed a toenail golem
   566 | D        | Noticed a toenail golem
   566 | D        | Noticed a toenail golem
   566 | D        | Noticed a toenail golem
   566 | D        | Noticed a toenail golem
   567 | D        | Killed a toenail golem
   567 | D        | Killed a toenail golem
   568 | D        | Reached skill level 15 in Spellcasting
   568 | D        | Killed a toenail golem
   571 | D        | Killed a toenail golem
   572 | D        | Killed a toenail golem
   577 | D        | Found a transporter.
   659 | D        | Got the Handbook of Conjuration and Heat
   748 | D        | Entered arena 11.
   748 | D        | Noticed a two-headed ogre
   748 | D        | Noticed a two-headed ogre
   748 | D        | Noticed a two-headed ogre
   748 | D        | Noticed a two-headed ogre
   748 | D        | Noticed a cyclops
   748 | D        | Noticed a two-headed ogre
   749 | D        | Offered knowledge of Iskenderun's Battlesphere by Vehumet.
   749 | D        | Killed a two-headed ogre
   749 | D        | Killed a two-headed ogre
   749 | D        | Killed a two-headed ogre
   749 | D        | Killed a cyclops
   749 | D        | Killed a two-headed ogre
   749 | D        | Killed a two-headed ogre
   750 | D        | Reached skill level 10 in Conjurations
   750 | D        | Reached XP level 11. HP: 54/54 MP: 32/35
   750 | D        | Found a transporter.
   759 | D        | Got the ring "Utunten" {rC+ rCorr Dex+6}
   782 | D        | Entered arena 12.
   782 | D        | Noticed a fire giant
   782 | D        | Noticed a fire giant
   784 | D        | Noticed a hell hog
   787 | D        | Killed a fire giant
   787 | D        | Killed from afar by a fire giant

Illustrated notes

Levels and vault maps discovered:
D:        sprint_v [room_start, room_1, room_2, room_3, room_4, room_5, room_6,
          room_7, room_8, room_9, room_10, room_11, room_12, room_13, room_14,
          room_15, room_16, room_17, room_18, room_19, room_20, room_21,
          room_22, room_23, room_24, room_25, room_26, room_27]

Skill      XL: |  1  2  3  4  5  6  7  8  9 10 |
---------------+-------------------------------+-----
Dodging        | 4 6 7 8 9 10 | 10.3
Stealth        | 4 6 7 8 |  8.7
Spellcasting   | 6 9 10 12 14 18 | 18.7
Fire Magic     | 8 12 14 15 16 18 | 18.6
Evocations     | 1 2 3 6 |  6.3
Conjurations   | 2 3 4 5 7 10 | 10.2

Action                   |  1- 3 |  4- 6 |  7- 9 | 10-12 || total
-------------------------+-------+-------+-------+-------++-------
 Cast: Fireball          |       |     3 |    12 |       ||    15
       Ignition          |       |       |     1 |     4 ||     5
Evoke: Wand              |     2 |     1 |       |     7 ||    10
       Lightning rod     |       |       |     1 |       ||     1
       Tin of tremorston |       |       |       |     4 ||     4
Dodge: Dodged            |       |       |       |     1 ||     1

Table legend: (Time is in decaauts)
 A = Elapsed time spent in this place.
 B = Non-inter-level travel time spent in this place.
 C = Inter-level travel time spent in this place.
 D = Time resting spent in this place.
 E = Time spent auto-exploring this place.
 F = Levels seen in this place.
 G = Mean time per level.
                   A        B        C        D        E       F      G
               +--------+--------+--------+--------+--------+-----+--------+
         Total |    785 |    785 |      0 |    503 |      0 |   1 |  785.0 |
       Dungeon |    785 |    785 |      0 |    503 |      0 |   1 |  785.0 |
               +--------+--------+--------+--------+--------+-----+--------+

Top non-repeatable levels by time:
       D: 785 daAuts
